 Dungeon Crawl Stone Soup version 0.31-a0-1042-ga9834b393d (webtiles) character file.

Game seed: 4303213534491192898

47650 rocker the Cruncher (level 13, 0/99 HPs)
             Began as a Demigod Gladiator on Nov 19, 2023.
             Hit by a large rock thrown by a stone giant (6 damage)
             ... on level 1 of the Depths.
             The game lasted 00:38:52 (19403 turns).

rocker the Cruncher (Demigod Gladiator)            Turns: 19403, Time: 00:38:53

Health: 0/99       AC: 25    Str: 23    XL:     13   Next: 72%
Magic:  16/16      EV: 15    Int: 13    God:
Gold:   1018       SH:  0    Dex: 26    Spells: 8/12 levels left

rFire   . . .        f - +3 long sword (holy)
rCold   . . .        j - +0 tower shield
rNeg    . . .        a - +0 plate armour
rPois   .            L - +1 helmet {Int+3}
rElec   .            G - +0 cloak
rCorr   .            q - +1 pair of gloves {Dex+3}
SInv    .            B - +1 pair of boots
Will    +....        u - amulet of reflection Stlth
                     i - +5 ring of evasion
HPRegen 0.36/turn    A - +4 ring of slaying
MPRegen 0.15/turn

%: reflection
@: confused, ambrosia-drunk
A: high MP 1, forlorn, divine attributes, iridescent scales 1, frail 1
a: no special abilities


You were on level 1 of the Depths.
You visited 2 branches of the dungeon, and saw 16 of its levels.

You collected 1018 gold pieces.

Inventory:

Hand Weapons
 f - a +3 long sword of holy wrath (weapon)
 t - a +3 spectral quarterstaff
Missiles
 g - a javelin
 k - 3 datura-tipped darts
Armour
 a - a +0 plate armour (worn)
 j - a +0 tower shield (worn)
 q - a +1 pair of gloves of dexterity (worn)
 B - a +1 pair of boots (worn)
 G - a +0 cloak (worn)
 L - a +1 helmet of intelligence (worn)
Jewellery
 c - an amulet of the acrobat
 i - a +5 ring of evasion (left hand)
 m - a +4 ring of protection
 o - an amulet of magic regeneration
 u - an amulet of reflection (around neck)
 w - a ring of see invisible
 A - a +4 ring of slaying (right hand)
Wands
 d - a wand of roots (4)
 e - a wand of quicksilver (4)
 K - a wand of mindburst (4)
Scrolls
 b - 2 scrolls of revelation
 r - 3 scrolls of immolation
 z - 5 scrolls of identify
 F - 3 scrolls of amnesia
Potions
 h - 2 potions of lignification
 l - 6 potions of attraction
 n - a potion of invisibility
 s - 2 potions of brilliance
 v - a potion of magic
 x - 2 potions of might
 O - a potion of ambrosia
 P - 2 potions of cancellation


   Skills:
 * Level 9.0 Fighting
 * Level 7.5 Long Blades
 - Level 13.8 Staves
 + Level 6.2 Throwing
 * Level 10.1 Armour
 * Level 8.3 Dodging
 + Level 3.5 Shields
 - Level 1.0 Evocations


You had 8 spell levels left.
You knew the following spells:

 Your Spells              Type           Power      Damage    Failure   Level
a - Summon Lightning Spi  Summ/Air       0%         N/A       100%        4

Your spell library contained the following spells:

 Spells                   Type           Power      Damage    Failure   Level
 Kiss of Death            Conj/Necr      0%         2d5       100%        1
 Sandblast                Erth           0%         2d4       100%        1
 Shock                    Conj/Air       0%         1d3       100%        1
 Cigotuvi's Dreadful Rot  Necr/Pois/Air  0%         N/A       100%        2
 Passwall                 Tmut/Erth      0%         N/A       100%        2
 Static Discharge         Conj/Air       0%         3-3/arc   100%        2
 Confusing Touch          Hex            0%         N/A       100%        3
 Stone Arrow              Conj/Erth      0%         3d7       100%        3
 Swiftness                Air            0%         N/A       100%        3
 Airstrike                Air            0%         2d(0-16)  100%        4
 Brom's Barrelling Bould  Conj/Erth      0%         2d3       100%        4
 Dispel Undead            Necr           0%         3d6       100%        4
 Conjure Ball Lightning   Conj/Air       0%         3x3d6     100%        6
 Death Channel            Necr           0%         N/A       100%        6
 Discord                  Hex            0%         N/A       100%        8
 Disjunction              Tloc           0%         N/A       100%        8


Dungeon Overview and Level Annotations

Branches:
Dungeon (15/15)            Temple (0/1) D:4            Lair (0/5) D:11
    Orc (0/2) D:11         Vaults (0/5) D:14         Depths (1/4) D:15

Annotations:
D:11 1 runed translucent door, BigAl98's ghost, novice TrSh


Innate Abilities, Weirdness & Mutations

You have an increased reservoir of magic. (+10% MP)
You shall have no god before yourself.
Your divine heritage dramatically boosts your attributes as you level up.
You are partially covered in iridescent scales. (AC +2)
You are frail. (-10% HP)


Message History

The stone giant is lightly wounded.
Throw: 4 darts (poison)
Press: ? - help, Q - select action, (/) - cycle Shift-Dir - straight line You throw a poisoned dart.
Throw: 3 darts (poison)
Press: ? - help, Q - select action, (/) - cycle Shift-Dir - straight line You throw a poisoned dart.
Throw: 2 darts (poison)
Press: ? - help, Q - select action, (/) - cycle Shift-Dir - straight line You throw a poisoned dart.
The poisoned dart hits the stone giant!
The stone giant looks as sick as possible!
The stone giant is lightly wounded.
Throw: dart (poison)
Press: ? - help, Q - select action, (/) - cycle Shift-Dir - straight line You throw a poisoned dart.
The poisoned dart hits the stone giant!
The stone giant looks as sick as possible!
The stone giant is lightly wounded.
The stone giant hits you!!
You hit the stone giant.
The stone giant is moderately wounded.
The stone giant hits you!! The stone giant hits you!
You slice the stone giant!!
The stone giant is heavily wounded.
You block the stone giant's attack.
You hit the stone giant.
The stone giant is heavily wounded.
The stone giant hits you but does no damage.
You slash the stone giant!
The stone giant is severely wounded.
The stone giant barely misses you. The stone giant hits you!!
* * * LOW HITPOINT WARNING * * *
You are confused.
You feel invigorated. The stone giant hits you!
* * * LOW HITPOINT WARNING * * *
The stone giant throws a large rock.
The large rock completely misses you. The stone giant hits you!!
* * * LOW HITPOINT WARNING * * *
A stone giant comes into view.
The stone giant throws a large rock.
The large rock hits you.
You die...

#.. .... ...
.....# ....
....##.. .....
.....#.. C(...#
........
..((..###.. ....
.........###....
......(@....###.#
.......C.........
........<........
.....>...$..##...
..............#
........$..##...#
............ ...
.$....#.....# ##
.....#......


You could see 2 stone giants.

Vanquished Creatures
  3 ogre magi
  4 vault guards (D:14)
  A hydra (D:13)
  2 boulder beetles
  13 two-headed ogres
  5 centaur warriors
  A death knight (D:15)
  3 tengu warriors
  Nergalle (D:12)
  A deep troll (D:15)
  2 phantasmal warriors (D:14)
  An arcanist (D:14)
  A necromancer (D:15)
  2 orc knights
  3 deep elf pyromancers (D:14)
  9 ugly things
  5 cyclopes
  A manticore (D:12)
  Maurice (D:10)
  Maggie (D:6)
  4 gargoyles
  A kobold demonologist (D:9)
  2 komodo dragons
  2 rime drakes (D:12)
  2 yaktaurs (D:14)
  An unseen horror (shapeshifter) (D:13)
  A freezing wraith (D:15)
  A tengu conjurer (D:14)
  2 trolls
  A hornet (D:10)
  17 slime creatures
  6 yaks (D:11)
  A vampire (D:11)
  5 wraiths
  2 wyverns
  A yak (shapeshifter) (D:13)
  5 fire elementals (D:15)
  2 basilisks
  A steam dragon (D:7)
  7 vampire mosquitoes
  An acid dragon (D:13)
  2 water moccasins (D:7)
  A hell hound (D:15)
  A black bear (shapeshifter) (D:15)
  3 sky beasts
  4 ice beasts
  5 black bears
  7 orc warriors
  4 ogres
  5 boggarts
  9 centaurs
  A phantom (D:6)
  3 kobold brigands
  3 scorpions
  19 wights
  10 killer bees
  6 howler monkeys
  2 hounds (D:6)
  3 orc priests
  A gnoll bouda (D:6)
  5 iguanas
  8 orc wizards
  8 gnolls
  8 adders
  A white imp (D:6)
  A worm (D:4)
  3 dart slugs
  27 orcs
  4 bats
  8 endoplasms
  3 giant cockroaches
  11 goblins
  5 hobgoblins
  4 jackals
  A quokka (D:3)
  10 ball pythons
  4 frilled lizards
  21 kobolds
  4 rats
350 creatures vanquished.

Vanquished Creatures (others)
  A human (D:14)
  2 kobolds (D:10)
  4 spectral weapons
7 creatures vanquished.

Grand Total: 357 creatures vanquished

Notes
Turn   | Place    | Note
-------+----------+-------------------------------------------
     0 | D:1      | rocker the Demigod Gladiator began the quest for the Orb.
     0 | D:1      | Reached XP level 1. HP: 17/17 MP: 3/3
   180 | D:1      | Reached XP level 2. HP: 13/24 MP: 4/4
   395 | D:1      | Reached skill level 3 in Staves
   684 | D:1      | Reached XP level 3. HP: 29/29 MP: 5/5
  1809 | D:3      | Reached XP level 4. HP: 37/37 MP: 6/6
  2321 | D:4      | Found a staircase to the Ecumenical Temple.
  2339 | D:4      | Noticed a black bear
  2348 | D:4      | Killed a black bear
  2349 | D:4      | Reached skill level 4 in Staves
  2349 | D:4      | Reached skill level 1 in Armour
  2349 | D:4      | Reached XP level 5. HP: 44/44 MP: 7/7
  2901 | D:5      | Entered Level 5 of the Dungeon
  2935 | D:5      | Reached skill level 5 in Staves
  2995 | D:5      | Noticed an ice beast
  3013 | D:5      | Killed an ice beast
  3014 | D:5      | Reached XP level 6. HP: 51/51 MP: 8/8
  3103 | D:5      | Noticed a vampire mosquito
  3243 | D:5      | Reached skill level 1 in Long Blades
  3332 | D:5      | Reached XP level 7. HP: 57/57 MP: 9/9
  3427 | D:5      | Reached skill level 6 in Staves
  3614 | D:5      | Identified a scroll of acquirement
  3614 | D:5      | Acquired a +2 spectral quarterstaff
  3727 | D:6      | Reached XP level 8. HP: 51/66 MP: 10/10
  3839 | D:6      | Noticed Maggie
  4551 | D:6      | Reached skill level 7 in Staves
  4605 | D:6      | Reached skill level 1 in Shields
  5064 | D:6      | Killed Maggie
  5261 | D:7      | Identified the +2 sling "Seruvoech" {drain, rCorr}
  5386 | D:7      | Reached XP level 9. HP: 72/72 MP: 11/11
  5389 | D:7      | Reached skill level 8 in Staves
  5690 | D:7      | Reached skill level 5 in Dodging
  5902 | D:7      | Reached skill level 5 in Fighting
  7068 | D:8      | Reached skill level 9 in Staves
  7524 | D:9      | Identified the +2 ring mail "Jekanujo" {rElec rCorr Str+3}
  7566 | D:9      | Noticed a kobold demonologist
  7570 | D:9      | Noticed an orange demon
  7588 | D:9      | Killed a kobold demonologist
  7589 | D:9      | Reached XP level 10. HP: 56/82 MP: 13/13
  8100 | D:9      | Reached skill level 5 in Armour
  8286 | D:10     | Entered Level 10 of the Dungeon
  8422 | D:10     | Noticed Maurice
  8422 | D:10     | Noticed a two-headed ogre
  8431 | D:10     | Something stole a +2 long sword of holy wrath
  8484 | D:10     | Something stole a ring of see invisible
  8490 | D:10     | Something stole a +0 tower shield
  8494 | D:10     | Killed Maurice
  8675 | D:10     | Killed a two-headed ogre
  8676 | D:10     | Reached skill level 10 in Staves
  8716 | D:10     | Noticed a two-headed ogre
  8723 | D:10     | Killed a two-headed ogre
  9104 | D:10     | You fall into a shaft and drop 2 floors!
  9483 | D:12     | Noticed a boulder beetle
  9501 | D:12     | Killed a boulder beetle
  9520 | D:12     | Reached XP level 11. HP: 44/91 MP: 14/14
  9717 | D:12     | Found a frozen archway.
  9905 | D:12     | Reached skill level 5 in Long Blades
 10167 | D:12     | Noticed Nergalle
 10188 | D:12     | Killed Nergalle
 10318 | D:12     | Reached skill level 11 in Staves
 10897 | D:11     | Noticed a boulder beetle
 10940 | D:11     | Killed a boulder beetle
 11102 | D:11     | Found a staircase to the Lair.
 11122 | D:11     | Found a staircase to the Orcish Mines.
 11240 | D:11     | Noticed BigAl98's ghost (novice TrSh)
 11240 | D:11     | Noticed a spriggan rider
 11241 | D:11     | Found a runed translucent door.
 11241 | D:11     | Identified the +3 trident of Autumn {holy, rElec rC+}
 11960 | D:13     | Noticed a centaur warrior
 11973 | D:13     | Killed a centaur warrior
 11974 | D:13     | Reached skill level 5 in Throwing
 12130 | D:13     | Noticed a centaur warrior
 12146 | D:13     | Killed a centaur warrior
 12474 | D:13     | Noticed a two-headed ogre
 12476 | D:13     | Noticed a centaur warrior
 12480 | D:13     | Noticed a five-headed hydra
 12482 | D:13     | Noticed an ogre mage
 12484 | D:13     | Killed a two-headed ogre
 12484 | D:13     | Killed a centaur warrior
 12485 | D:13     | Reached XP level 12. HP: 21/100 MP: 15/15
 12743 | D:13     | Reached skill level 12 in Staves
 12964 | D:13     | Paralysed by something for 3 turns
 12980 | D:13     | Killed an ogre mage
 13109 | D:13     | Killed a five-headed hydra
 13353 | D:14     | Noticed an ogre mage
 13359 | D:13     | Reached skill level 1 in Evocations
 13366 | D:13     | Learned a level 4 spell: Summon Lightning Spire
 13736 | D:14     | Noticed a vault guard
 13736 | D:14     | Noticed a vault guard
 13860 | D:14     | Killed a vault guard
 14209 | D:14     | Killed a vault guard
 14286 | D:14     | Noticed a vault guard
 14667 | D:14     | Noticed a centaur warrior
 14860 | D:14     | Killed an ogre mage
 14968 | D:14     | Reached skill level 13 in Staves
 15126 | D:14     | Noticed an ogre mage
 15130 | D:14     | Reached XP level 13. HP: 100/107 MP: 16/16
 15859 | D:14     | HP: 5/108 [arcanist/bolt of cold (6)]
 15867 | D:13     | Gained mutation: You are partially covered in iridescent
                  | scales. (AC +2) [potion of mutation]
 15867 | D:13     | Gained mutation: You are frail. (-10% HP) [potion of
                  | mutation]
 16653 | D:14     | Found a gate to the Vaults.
 16872 | D:15     | Entered Level 15 of the Dungeon
 18036 | D:15     | Reached skill level 10 in Armour
 18931 | D:15     | Found a staircase to the Depths.
 19387 | Depths:1 | Entered Level 1 of the Depths
 19387 | Depths:1 | Noticed a stone giant
 19402 | Depths:1 | HP: 1/99 [stone giant (31)]
 19403 | Depths:1 | Noticed a stone giant
 19403 | Depths:1 | Hit by a large rock thrown by a stone giant

Illustrated notes

Levels and vault maps discovered:
D:1:      dpeg_arrival_leaves_temple_mockup, layout_basic, minmay_octomino_e4
D:2:      layout_basic
D:3:      layout_basic, nicolae_dithmenos_shadow_blocks,
          nicolae_qazlal_scattered_showers, mainiacjoe_overflow_boulevard,
          minmay_pentangle
D:4:      layout_cave_pools, minmay_temple_entry_stoned_glass,
          grunt_ministairs_10
D:5:      layout_cave_pools, serial_park, serial_park_tiny_pond,
          serial_park_gazebo [serial_park_minivault_5x5_1], serial_park_tiny_2,
          serial_park_square3 [serial_park_minivault_5x5_2],
          lightli_corner_chamber
D:6:      kennysheep_spiral_hall, layout_basic, uniq_maggie
D:7:      layout_loops_cross, mainiacjoe_overflow_chevrons,
          mainiacjoe_overflow_large_starburst
D:8:      layout_cave_pods, amcnicky_altar_gilded
D:9:      layout_basic
D:10:     layout_basic, mainiacjoe_overflow_24_doors,
          mainiacjoe_overflow_surrounded_room, kennysheep_generic_room_9,
          uniq_maurice
D:11:     layout_irregular_city, dpeg_oklobed_lair, orc_0_dummy,
          ebering_ghost_funeral_grove
D:12:     layout_loops_ring, portal_ice_cave_rime, minivault_21, uniq_nergalle
D:13:     layout_grid_maze, chequers_mini_garden
D:14:     layout_roguey, grunt_vaults_entry_fortified, roderic_serpentine_path,
          eino_small_chamber_without_monster
D:15:     hangedman_depths_entry_civil_slaughter, layout_irregular_city,
          nicolae_ashenzari_panopticon, trog_three_pillars_becter, uniq_azrael
Depths:1: layout_cave_pools, enter_ziggurat_f, serial_sigils,
          serial_sigils_hangedman_writhe, serial_sigils_hangedman_scratch,
          serial_sigils_hangedman_snap, serial_sigils_hangedman_shear,
          serial_sigils_hangedman_etch, grunt_pan_entry_spiral,
          grunt_metal_band, nicolae_diode_basic, uniq_bai_suzhen

Skill      XL: |  1  2  3  4  5  6  7  8  9 10 11 12 13 |
---------------+----------------------------------------+-----
Dodging        | 3 4 5 6 7 8 |  8.3
Fighting       | 2 3 4 5 6 7 8 9 |  9.0
Staves         | 3 4 5 6 7 9 10 11 13 | 13.8
Armour         | 1 2 3 4 6 7 8 10 | 10.1
Throwing       | 2 3 4 5 6 |  6.2
Long Blades    | 1 2 3 4 6 7 |  7.5
Shields        | 1 2 3 |  3.5
Evocations     | 1 |  1.0

Action                     |  1- 3 |  4- 6 |  7- 9 | 10-12 | 13-15 || total
---------------------------+-------+-------+-------+-------+-------++-------
  Melee: Quarterstaff      |   127 |   138 |   281 |   408 |   154 ||  1108
         Long sword        |       |       |       |       |    79 ||    79
  Throw: Throwing net      |     4 |     4 |       |       |       ||     8
         Dart              |       |    31 |    38 |   115 |    27 ||   211
         Javelin           |       |       |       |     1 |       ||     1
  Evoke: Wand              |       |       |       |    45 |    23 ||    68
    Use: Scroll            |     7 |     5 |    12 |    14 |    10 ||    48
         Potion            |       |       |     6 |     5 |     8 ||    19
   Stab: Held in net/web   |       |     2 |       |       |       ||     2
         Invisible         |       |       |       |     3 |       ||     3
         Distracted        |       |       |       |     5 |     3 ||     8
 Armour: Leather armour    |    37 |       |       |       |       ||    37
         Chain mail        |    31 |    64 |    12 |       |       ||   107
         Plate armour      |       |       |   155 |   292 |   192 ||   639
  Dodge: Dodged            |   112 |   110 |   193 |   303 |   140 ||   858
  Block: Other             |       |     8 |    74 |    91 |    35 ||   208
         Reflection        |       |       |     1 |    17 |    29 ||    47
         Tower shield      |       |       |       |       |   165 ||   165

Table legend: (Time is in decaauts)
 A = Elapsed time spent in this place.
 B = Non-inter-level travel time spent in this place.
 C = Inter-level travel time spent in this place.
 D = Time resting spent in this place.
 E = Time spent auto-exploring this place.
 F = Levels seen in this place.
 G = Mean time per level.
                   A        B        C        D        E       F      G
               +--------+--------+--------+--------+--------+-----+--------+
         Total |  19219 |  17642 |   1577 |      0 |  13334 |  16 | 1201.2 |
       Dungeon |  19203 |  17626 |   1577 |      0 |  13334 |  15 | 1280.2 |
        Depths |     16 |     16 |      0 |      0 |      0 |   1 |   16.0 |
               +--------+--------+--------+--------+--------+-----+--------+

Top non-repeatable levels by time:
    D:14: 3083 daAuts
    D:13: 2926 daAuts
    D:15: 1392 daAuts
    D:12: 1377 daAuts
     D:6: 1362 daAuts
     D:7: 1157 daAuts
     D:8: 1137 daAuts
    D:11: 1105 daAuts
    D:10: 1068 daAuts
     D:1: 927 daAuts
     D:5: 891 daAuts
     D:3: 827 daAuts
     D:9: 780 daAuts
     D:4: 621 daAuts
     D:2: 543 daAuts
